 Dungeon Crawl Stone Soup version 0.19.1 (webtiles) character file.

46 Dfrag the Conjurer (level 3, -1/28 HPs)
             Began as a Naga Conjurer on Nov 30, 2016.
             Shot with a stone by a goblin (2 damage)
             ... led by Robin
             ... on level 2 of the Dungeon.
             The game lasted 00:01:11 (871 turns).

Dfrag the Conjurer (Naga Conjurer)                   Turns: 871, Time: 00:01:12

Health: -1/28      AC:  2    Str: 10    XL:     3   Next: 68%
Magic:  3/7        EV: 10    Int: 16    God:
Gold:   12         SH:  0    Dex: 11    Spells: 2 memorised, 5 levels left

rFire  . . .     SeeInvis +     e - +1 short sword (drain)
rCold  . . .     Gourm    .     a - +0 robe
rNeg   . . .     Faith    .     (no shield)
rPois  +         Spirit   .     (no helmet)
rElec  .         Reflect  .     (no cloak)
rCorr  .         Harm     .     (no gloves)
MR     .....                    (no barding)
Stlth  ++........               (no amulet)
                                (no ring)
                                (no ring)

@: short of breath, very slow
A: see invisible, deformed body, poison resistance, slowness 2, slow metabolism
1, spit poison 1, AC +1
a: Spit Poison


You were on level 2 of the Dungeon.
You were not hungry.

You visited 1 branch of the dungeon, and saw 2 of its levels.

You collected 12 gold pieces.

Inventory:

Hand Weapons
 e - a +1 short sword of draining (weapon)
Armour
 a - a +0 robe (worn)
Scrolls
 f - a scroll of identify {unknown}
 h - a scroll of enchant weapon {unknown}
Books
 b - a book of Conjurations

   Spells                             Type                      Level
   a - Magic Dart                     Conjuration                  1
   b - Searing Ray                    Conjuration                  2
   c - Dazzling Spray                 Conjuration/Hexes            3
   d - Fulminant Prism                Conjuration/Hexes            4
   e - Iskenderun's Mystic Blast      Conjuration                  4
   f - Iskenderun's Battlesphere      Conjuration/Charms           5
Comestibles
 c - a bread ration
 d - a beef jerky
 g - a royal jelly
 i - 3 chunks of flesh


   Skills:
 - Level 1.5 Dodging
 - Level 3.0 Stealth
 * Level 3.3 Spellcasting
 + Level 4.2 Conjurations


You had 5 spell levels left.
You knew the following spells:

 Your Spells              Type           Power        Failure   Level  Hunger
a - Magic Dart            Conj           ###.         3%          1    None
b - Searing Ray           Conj           ###...       6%          2    ##.....


Dungeon Overview and Level Annotations

Branches:
Dungeon (2/15)

Altars:


Innate Abilities, Weirdness & Mutations

You cannot wear boots.
Your serpentine skin is tough. (AC +1)
You have supernaturally acute eyesight. (SInv)
Armour fits poorly on your strangely shaped body.
Your system is resistant to poisons. (rPois)
You cover ground very slowly.
You have a slow metabolism.
You can spit poison.


Message History

The goblin misses you. The hobgoblin closely misses you.
You touch the hobgoblin.
You kill the hobgoblin!
The goblin hits you but does no damage.
A goblin comes into view. It is wielding a club.
You closely miss the goblin.
Your transformation has ended.
Your +1 short sword of draining unmelds from your body.
Your +0 robe unmelds from your body.
You sense an unholy aura.
The goblin unwields an uncursed club.
The goblin wields a hunting sling.
The goblin shoots a stone.
The stone hits you.
* * * LOW HITPOINT WARNING * * *
The goblin hits you with a dagger.
* * * LOW HITPOINT WARNING * * *
Press: ? - help, Shift-Dir - straight line, f - goblin
Aim: a goblin, wielding a dagger The splash of poison misses the goblin.
You feel slightly more hungry. The goblin hits you but does no damage.
The goblin shoots a stone.
The stone hits you.
You die...

#[.... #.....#
#.....# ######
#.....##......
###.....)g...gg.
#.......)#
#......†)#
#....g†).#
#.....@).#
#.....(.)#
#........#
#....(...#
#........#
#.....(..#
####....#####
#>.†......
#...#####.


You could see 2 goblins.

Vanquished Creatures
  Robin (D:2)
  A worm (D:2)
  2 dart slugs
  A giant cockroach (D:1)
  8 goblins
  5 hobgoblins (D:2)
  2 jackals (D:1)
  A kobold (D:1)
  A quokka (D:2)
  2 bats
  A frilled lizard (D:1)
  2 rats
27 creatures vanquished.

Notes
Turn   | Place    | Note
-------+----------+-------------------------------------------
     0 | D:1      | Dfrag the Naga Conjurer began the quest for the Orb.
     0 | D:1      | Reached XP level 1. HP: 15/15 MP: 3/3
   195 | D:1      | Reached XP level 2. HP: 18/22 MP: 5/5
   199 | D:1      | Learned a level 2 spell: Searing Ray
   815 | D:2      | Reached XP level 3. HP: 7/28 MP: 7/7
   832 | D:2      | Noticed Robin
   842 | D:2      | Killed Robin
   870 | D:2      | HP: 1/28 [goblin/dagger[Robin] (3)]
   871 | D:2      | Shot with a stone by a goblin

Skill      XL: |  1  2  3 |
---------------+----------+-----
Spellcasting   | 3 |  3.3
Dodging        | |  1.5
Stealth        | |  3.0
Conjurations   | |  4.2

Action                   || total
-------------------------++-------
Melee: Short sword       ||    32
       Unarmed           ||    25
 Cast: Magic Dart        ||    14
 Abil: Spit Poison       ||     6
 Stab: Sleeping          ||     3
Armor: Robe              ||     4
       Skin              ||     6
Dodge: Dodged            ||    38
